 Dungeon Crawl Stone Soup version 0.23-a0-584-g44dd78f (webtiles) character file.

64953 Mgcat the Fencer (level 15, -3/108 HPs)
             Began as an Octopode Monk on Dec 16, 2018.
             Was an Initiate of Gozag.
             Slain by a redback (8 damage)
             ... on level 3 of the Abyss on Dec 17, 2018.
             The game lasted 01:32:19 (29490 turns).

Mgcat the Fencer (Octopode Monk)                   Turns: 29490, Time: 01:32:20

Health: -3/108     AC:  6    Str: 16    XL:     15   Next: 14%
Magic:  41/41      EV: 18    Int: 13    God:    Gozag
Gold:   2281       SH: 19    Dex: 18    Spells: 23/25 levels left

rFire    . . .     SeeInvis +   h - +6 long sword (flame)
rCold    + . .     Gourm    .   X - +2 large shield {rPois}
rNeg     . . .     Faith    .   m - +2 hat
rPois    +         Spirit   .   O - +4 amulet of reflection
rElec    .         Reflect  +   q - ring of magical power {MP+9}
rCorr    .         Harm     .   D - ring of poison resistance {rPois, !d}
MR       +....                  (no ring)
Stlth    ++++++....             K - ring "Kalum" {rC+ SInv}
HPRegen  0.28/turn              P - +3 ring of protection
MPRegen  0.27/turn              M - ring of magical power {MP+9}
                                l - +3 ring of dexterity
                                (no ring)

@: gold aura, very slightly contaminated
A: almost no armour, stealthy swim, amphibious, 8 rings, constrict 8, camouflage
1, gelatinous body 1
a: Potion Petition, Call Merchant, Bribe Branch, Renounce Religion


You were on level 3 of the Abyss.
You worshipped Gozag.
Gozag was most pleased with you.
You were not hungry.

You visited 3 branches of the dungeon, and saw 19 of its levels.
You visited the Abyss 1 time.

You collected 6453 gold pieces.
You spent 1174 gold pieces at shops.
You paid 2998 gold pieces to Gozag.

Inventory:

Hand Weapons
 b - a +0 hunting sling
   (You found it on level 2 of the Dungeon)
 h - a +6 long sword of flaming (weapon)
   (You took it off a wight on level 11 of the Dungeon)
Missiles
 a - 2 curare-tipped needles
 r - 3 throwing nets {=f, !d}
 w - 472 stones (quivered)
 R - 2 tomahawks of dispersal {=f}
Armour
 m - a +2 hat (worn)
   (You found it on level 1 of the Dungeon)
 X - a +2 large shield of poison resistance (worn)
   (You found it on level 6 of the Lair of Beasts)
Magical Staves
 J - an uncursed staff of poison {rPois}
   (You found it on level 9 of the Dungeon)
Jewellery
 l - a +3 ring of dexterity (on tentacle)
   (You found it on level 10 of the Dungeon)
 q - a ring of magical power (left tentacle) {MP+9}
   (You found it on level 2 of the Dungeon)
 D - a ring of poison resistance (right tentacle) {rPois, !d}
   (You found it on level 8 of the Dungeon)
 F - an uncursed ring of fire {rF+, rC-}
   (You found it on level 8 of the Dungeon)
 K - the ring "Kalum" (on tentacle) {rC+ SInv}
   (You found it on level 9 of the Dungeon)

   [ring of see invisible]

   It protects you from cold.
   It lets you see invisible.
 M - a ring of magical power (on tentacle) {MP+9}
   (You found it on level 9 of the Dungeon)
 O - a +4 amulet of reflection (around mantle)
   (You bought it in a shop on level 9 of the Dungeon)
 P - a +3 ring of protection (on tentacle)
   (You bought it in a shop on level 9 of the Dungeon)
Wands
 s - a wand of iceblast (8)
   (You found it on level 4 of the Lair of Beasts)
 x - a wand of flame (19)
   (You took it off a goblin on level 3 of the Dungeon)
 A - a wand of polymorph (17)
   (You found it on level 6 of the Dungeon)
 C - a wand of paralysis (5)
   (You found it on level 4 of the Lair of Beasts)
 H - a wand of random effects (67)
   (You found it on level 9 of the Dungeon)
 V - a wand of enslavement (8)
   (You found it on level 6 of the Lair of Beasts)
Scrolls
 e - 2 scrolls of magic mapping {!r}
 f - 18 scrolls of remove curse
 k - 2 scrolls of teleportation
 n - 6 scrolls of identify
 p - 2 scrolls of fear
 t - a scroll of silence
 y - a scroll of enchant weapon
 G - a scroll of amnesia
 Q - 2 scrolls of blinking {!r}
 T - a scroll of acquirement
Potions
 c - 2 potions of flight
 d - a potion of haste
 g - a potion of lignification {!q}
 o - a potion of mutation {!q}
 u - 2 potions of resistance
 z - a potion of magic
 U - 2 potions of berserk rage {!q}
Miscellaneous
 I - a lightning rod (3/4)
   (You found it on level 9 of the Dungeon)
 L - a lamp of fire (inert)
   (You found it on level 9 of the Dungeon)
 S - a fan of gales
   (You found it on level 5 of the Lair of Beasts)
Comestibles
 v - 17 rations


   Skills:
 + Level 11.7 Fighting
 + Level 15.1 Long Blades
 + Level 11.7 Dodging
 - Level 10.0 Stealth
 + Level 2.4 Shields
 + Level 5.5 Spellcasting
 + Level 6.1 Summonings
 - Level 10.0 Evocations


You had 23 spell levels left.
You knew the following spells:

 Your Spells              Type           Power        Failure   Level  Hunger
a - Call Imp              Summ           ###.....     36%         2    ##.....

Your spell library contained the following spells:

 Spells                   Type           Power        Failure   Level  Hunger
 Recall                   Summ/Tloc      N/A          95%         3    ###....
 Animate Skeleton         Necr           N/A          97%         1    None
 Freeze                   Ice            #...         97%         1    None
 Infusion                 Chrm           #...         97%         1    None
 Magic Dart               Conj           #...         97%         1    None
 Pain                     Necr           #...         97%         1    None
 Sandblast                Erth           #.....       97%         1    None
 Blink                    Tloc           N/A          99%         2    ##.....
 Passwall                 Tmut/Erth      #.......     99%         2    ##.....
 Shroud of Golubria       Chrm/Tloc      #.........   99%         2    ##.....
 Slow                     Hex            #.......     99%         2    ##.....
 Song of Slaying          Chrm           #.......     99%         2    ##.....
 Conjure Flame            Conj/Fire      #.......     100%        3    ###....
 Ignite Poison            Fire/Tmut/Pois #.......     100%        3    ###....
 Mephitic Cloud           Conj/Pois/Air  #.......     100%        3    ###....
 Regeneration             Chrm/Necr      #.........   100%        3    ###....
 Spectral Weapon          Hex/Chrm       #.......     100%        3    ###....
 Stone Arrow              Conj/Erth      #.....       100%        3    ###....
 Vampiric Draining        Necr           #.........   100%        3    ###....
 Animate Dead             Necr           N/A          100%        4    ####...
 Petrify                  Tmut/Erth      #.......     100%        4    ####...
 Throw Icicle             Conj/Ice       #.......     100%        4    ####...
 Blade Hands              Tmut           #.........   100%        5    ######.
 Borgnjor's Vile Clutch   Necr/Erth      #.........   100%        5    ######.
 Lee's Rapid Deconstruct  Erth           #.........   100%        5    ######.
 Death Channel            Necr           #.........   100%        6    #######
 Simulacrum               Ice/Necr       #.........   100%        6    #######
 Dragon Form              Tmut           #.........   100%        7    #######
 Malign Gateway           Summ/Tloc      ##........   100%        7    #######
 Monstrous Menagerie      Summ           ###.......   100%        7    #######
 Summon Greater Demon     Summ           ###.......   100%        7    #######
 Summon Horrible Things   Summ           ###.......   100%        8    #######


Dungeon Overview and Level Annotations

Branches:
Dungeon (11/15)            Temple (0/1) D:7            Lair (6/6) D:8
 Shoals (0/4) Lair:3        Snake (0/4) Lair:4        Slime (0/5) Lair:6
    Orc (2/2) D:11            Elf (0/3) Orc:2

Altars:
Ashenzari
Dithmenos
Gozag
Hepliaklqana
Kikubaaqudgha
Makhleb
Ru
Sif Muna
Uskayaw
Vehumet
Xom
Yredelemnul
Jiyva

Shops:
D:5 :   D:8 (   D:9 =   Lair:4 =

Portals:
Trove: D:11 (give 2 scrolls of acquirement)

Annotations:
D:4 Eustachio
Lair:3 exclusion: oklob plant
Orc:2 2 exclusions


Innate Abilities, Weirdness & Mutations

You cannot wear most types of armour.
You are very stealthy in the water. (Stealth+)
You are amphibious.
You can wear up to eight rings at the same time.
You can use your tentacles to constrict eight enemies at once.
Your skin changes colour to match your surroundings (Stealth+).
Your rubbery body absorbs attacks. (AC +1, EV +1)


Message History

* * * LOW HITPOINT WARNING * * *
Casting: Call Imp (safe; 36% risk of failure)
Confirm with . or Enter, or press ? or * to list all spells.
A beastly little devil appears in a puff of flame.
You block the demonic crawler's attack. x2; The demonic crawler misses you.
The demonic crawler hits you but does no damage.
You block the demonic crawler's attack. The demonic crawler closely misses you.
Unknown command.
Unknown command.
You slice the demonic crawler!! You burn the demonic crawler.
The demonic crawler is almost dead.
You block the demonic crawler's attack. The demonic crawler hits you!
* * * LOW HITPOINT WARNING * * *
The demonic crawler hits you.
* * * LOW HITPOINT WARNING * * *
Unknown command.
Unknown command.
You hit the demonic crawler. You squeeze the demonic crawler.
The demonic crawler is almost dead.
Your crimson imp hits the demonic crawler but does no damage.
The demonic crawler hits you.
* * * LOW HITPOINT WARNING * * *
The demonic crawler hits you!
* * * LOW HITPOINT WARNING * * *
The demonic crawler hits you.
* * * LOW HITPOINT WARNING * * *
Unknown command.
Unknown command.
Unknown command.
Unknown command.
You hit the demonic crawler but do no damage.
You squeeze the demonic crawler.
The demonic crawler is almost dead.
Your crimson imp blinks!
You block the demonic crawler's attack. The demonic crawler misses you.
The demonic crawler hits you.
* * * LOW HITPOINT WARNING * * *
Unknown command.
Unknown command.
Unknown command.
Unknown command.
Unknown command.
Evoke which item? (* to show all) (? for menu, Esc to quit)
Okay, then.
Okay, then.
Unknown command.
Unknown command.
Unknown command.
Unknown command.
Evoke which item? (* to show all) (? for menu, Esc to quit)
Aiming: Iceblast
Press: ? - help, Shift-Dir - straight line The mass of ice explodes!
The iceblast engulfs the demonic crawler.
The demonic crawler partially resists.
You kill the demonic crawler!
You hear a bellow!
Unknown command.
Unknown command.
Unknown command.
Unknown command.
Okay, then.
Evoke which item? (* to show all) (? for menu, Esc to quit)
Okay, then.
Unknown command.
Unknown command.
Unknown command.
You start resting.
A redback comes into view.
Unknown command.
Unknown command.
Unknown command.
Unknown command.
Unknown command.
Unknown command.
You start resting.
Magic restored.
The redback is too close now for your liking.
Unknown command.
Unknown command.
Unknown command.
Unknown command.
Unknown command.
You start resting.
A yak comes into view.
Unknown command.
Unknown command.
Unknown command.
Unknown command.
Unknown command.
Unknown command.
Unknown command.
Unknown command.
Unknown command.
A small abomination comes into view.
Unknown command.
Unknown command.
Unknown command.
The redback bites you!
You die...
Your body crumbles into a pile of gold.

......#.##...##.
......§#
##x..#.# .....§
#......#..
#..... #....# .
##...###.Y.##
..#.....#.....##
................
....§..s5.......
..#.###@####.##.
#....§###
#.§#.##. ... .
#.# ## #. . .


You could see a yak, a redback, a small abomination and a friendly crimson imp.

Vanquished Creatures
  Rupert (Lair:6)
  A dire elephant (Lair:5)
  An ettin (Orc:2)
  Josephine (D:9)
  3 hydras
  A merfolk avatar (Lair:6)
  2 two-headed ogres
  10 death yaks
  3 orc high priests
  A sea snake (Lair:6)
  An unseen horror (D:11)
  Pikel (D:7)
  3 orc knights
  2 cyclopes
  An ugly thing (D:11)
  2 large abominations (Abyss:3)
  A manticore (D:11)
  A shining eye (D:9)
  3 centaur zombies (D:11)
  3 elephants
  A merfolk siren (Lair:3)
  3 black mambas
  Psyche (D:10)
  3 centaur skeletons (D:9)
  A torpor snail (Lair:5)
  9 spiny frogs
  10 komodo dragons
  A freezing wraith (Abyss:3)
  5 rime drakes
  A demonic crawler (Abyss:3)
  An ancient zyme (Abyss:3)
  3 merfolk (Lair:3)
  7 trolls
  5 polar bears
  10 blink frogs (Lair:5)
  7 hornets
  5 hippogriffs
  12 dream sheep
  2 raiju (Abyss:3)
  5 wraiths
  4 wyverns
  45 yaks
  2 basilisks
  3 steam dragons (D:9)
  A vampire mosquito (D:10)
  3 wargs
  A hungry ghost (D:9)
  2 nagas (Lair:4)
  A soldier ant (D:9)
  14 water moccasins
  A porcupine (Lair:2)
  2 ice beasts (D:8)
  A sky beast (D:5)
  2 necrophages (D:11)
  6 phantoms
  2 black bears
  22 orc warriors
  9 ogres
  3 centaurs
  15 wolves
  10 crocodiles
  13 bullfrogs
  2 small abominations (Abyss:3)
  A water moccasin zombie (D:7)
  2 wyvern skeletons (D:9)
  4 scorpions
  4 killer bees (D:8)
  4 wights (D:11)
  3 howler monkeys
  6 crimson imps
  2 quasits
  3 jellies
  A bullfrog zombie (D:5)
  22 orc priests
  7 hounds
  23 orc wizards
  4 bullfrog skeletons
  Ijyb (D:4)
  3 iguanas
  10 worker ants
  3 hound zombies
  A hound skeleton (D:7)
  2 howler monkey zombies
  12 gnolls
  13 adders
  An ooze (D:1)
  An adder zombie (D:8)
  An adder skeleton (D:9)
  2 worms (D:3)
  A dart slug (D:1)
  7 leopard geckos
  69 orcs
  3 ball pythons
  7 giant cockroaches
  5 hobgoblins
  24 jackals
  3 kobolds (D:1)
  7 quokkas
  6 bats
  6 frilled lizards
  5 goblins
  A jackal skeleton (D:4)
  A leopard gecko skeleton (D:5)
  A quokka skeleton (D:4)
  A quokka zombie (D:7)
  6 rats
  A spectral orc (D:3)
  A withered plant (D:11)
589 creatures vanquished.

Vanquished Creatures (collateral kills)
  A hydra (Lair:6)
  A polar bear (Lair:6)
2 creatures vanquished.

Vanquished Creatures (others)
  An orc (D:10)
  8 bushes
  29 fungi
  26 plants (Lair:6)
64 creatures vanquished.

Grand Total: 655 creatures vanquished

Notes
Turn   | Place    | Note
-------+----------+-------------------------------------------
     0 | D:1      | Mgcat the Octopode Monk began the quest for the Orb.
     0 | D:1      | Reached XP level 1. HP: 16/16 MP: 1/1
    27 | D:1      | Reached XP level 2. HP: 17/21 MP: 2/2
    34 | D:1      | Reached skill level 3 in Stealth
   622 | D:1      | Reached XP level 3. HP: 26/26 MP: 3/3
  1365 | D:2      | Reached XP level 4. HP: 31/31 MP: 4/4
  1467 | D:2      | Reached skill level 4 in Dodging
  2127 | D:3      | Found a basalt altar of Yredelemnul.
  2187 | D:3      | Reached XP level 5. HP: 32/36 MP: 5/5
  2275 | D:3      | Reached skill level 4 in Stealth
  2745 | D:3      | Found a hide-covered altar of Uskayaw.
  3045 | D:4      | Noticed a centaur
  3113 | D:4      | Noticed a two-headed ogre
  3153 | D:4      | Found a burning altar of Makhleb.
  3181 | D:4      | Reached skill level 4 in Fighting
  3181 | D:4      | Reached skill level 4 in Long Blades
  3181 | D:4      | Reached XP level 6. HP: 41/43 MP: 6/6
  3193 | D:4      | Noticed Eustachio
  3219 | D:4      | Reached skill level 5 in Dodging
  3531 | D:4      | Reached skill level 5 in Stealth
  3986 | D:3      | Found an opulent altar of Gozag.
  3995 | D:3      | Became a worshipper of Gozag Ym Sagoz the Greedy
  4037 | D:3      | Reached XP level 7. HP: 35/49 MP: 7/7
  4285 | D:4      | Noticed Ijyb
  4298 | D:4      | Paralysed by Ijyb for 2 turns
  4299 | D:4      | Killed Ijyb
  4623 | D:5      | Entered Level 5 of the Dungeon
  4637 | D:5      | Reached skill level 5 in Fighting
  4637 | D:5      | Reached skill level 5 in Long Blades
  4702 | D:5      | HP: 2/50 [orc priest/divine providence (14)]
  4884 | D:5      | Reached skill level 6 in Long Blades
  4885 | D:5      | Found Tadgh's Book Emporium.
  5108 | D:5      | Reached XP level 8. HP: 43/55 MP: 8/8
  5469 | D:5      | Reached skill level 7 in Long Blades
  6534 | D:6      | Reached skill level 8 in Long Blades
  6678 | D:6      | Found an ancient bone altar of Kikubaaqudgha.
  6795 | D:6      | Found a shadowy altar of Dithmenos.
  7020 | D:7      | Found a staircase to the Ecumenical Temple.
  7025 | D:7      | Reached skill level 9 in Long Blades
  7064 | D:7      | Reached XP level 9. HP: 60/61 MP: 9/9
  7184 | D:7      | Found a radiant altar of Vehumet.
  7304 | D:7      | Found a deep blue altar of Sif Muna.
  7310 | D:7      | Reached skill level 6 in Stealth
  7318 | D:7      | HP: 14/61 [bullfrog (6)]
  7383 | D:7      | You fall through a shaft for 2 floors!
  7763 | D:8      | Reached skill level 6 in Fighting
  7763 | D:8      | Reached skill level 6 in Dodging
  7791 | D:8      | Reached skill level 7 in Stealth
  8071 | D:8      | Reached skill level 1 in Evocations
  8244 | D:7      | Noticed Pikel
  8753 | D:7      | Killed Pikel
  8753 | D:7      | Reached skill level 8 in Stealth
  8753 | D:7      | Reached skill level 2 in Evocations
  8753 | D:7      | Reached XP level 10. HP: 43/69 MP: 11/11
  9275 | D:8      | Reached skill level 10 in Long Blades
  9281 | D:8      | Reached skill level 3 in Evocations
  9452 | D:8      | Found a staircase to the Lair.
  9563 | D:8      | Reached skill level 7 in Fighting
  9565 | D:8      | Reached skill level 7 in Dodging
  9875 | D:9      | Reached skill level 4 in Evocations
  9937 | D:9      | Noticed a tengu warrior
  9944 | D:9      | Noticed a shining eye
  9944 | D:9      | a tengu warrior changed into a shining eye
  9951 | D:9      | Noticed a two-headed ogre
  9952 | D:9      | Found a deep blue altar of Sif Muna.
  9952 | D:9      | Found a faded altar of an unknown god.
  9952 | D:9      | Found a shimmering altar of Xom.
  9954 | D:9      | Found a hazy altar of Hepliaklqana.
  9961 | D:9      | Found a faded altar of an unknown god.
  9998 | D:9      | Killed a two-headed ogre
 10019 | D:9      | Reached skill level 5 in Evocations
 10128 | D:9      | Killed a shining eye
 10128 | D:9      | Reached skill level 8 in Fighting
 10273 | D:9      | Got a bound bone ring
 10274 | D:9      | Identified the ring "Kalum" {rC+ SInv} (You found it on
                  | level 9 of the Dungeon)
 10285 | D:9      | Identified the Handbook of Congealing Changing
 10506 | D:9      | Reached skill level 11 in Long Blades
 10734 | D:9      | Reached XP level 11. HP: 62/78 MP: 14/14
 10895 | D:9      | Found a burning altar of Makhleb.
 10903 | D:9      | Found a sacrificial altar of Ru.
 10908 | D:9      | Found a shattered altar of Ashenzari.
 11052 | D:9      | Reached skill level 9 in Fighting
 11297 | D:9      | Bought a +4 amulet of reflection for 351 gold pieces
 11297 | D:9      | Bought a +3 ring of protection for 273 gold pieces
 11358 | D:10     | Entered Level 10 of the Dungeon
 11697 | D:10     | Noticed Josephine
 12443 | D:9      | Killed Josephine
 12443 | D:9      | Reached skill level 9 in Stealth
 12603 | D:9      | Reached skill level 6 in Evocations
 13278 | D:10     | Noticed a cyclops
 13609 | D:10     | Noticed a two-headed ogre
 13636 | D:10     | Killed a cyclops
 13638 | D:10     | HP: 20/80 [two-headed ogre/+0 giant club (12)]
 13656 | D:10     | HP: 17/80 [hippogriff (4)]
 14131 | D:10     | Killed a two-headed ogre
 14131 | D:10     | Reached skill level 8 in Dodging
 14184 | D:10     | Noticed Psyche
 14196 | D:10     | Killed Psyche
 14196 | D:10     | Reached XP level 12. HP: 77/87 MP: 17/17
 14374 | D:10     | HP: 19/87 [troll (7)]
 14375 | D:10     | Reached skill level 10 in Stealth
 14930 | D:11     | Reached skill level 12 in Long Blades
 14938 | D:11     | Reached skill level 7 in Evocations
 14958 | D:11     | Reached skill level 10 in Fighting
 15797 | D:11     | Found a staircase to the Orcish Mines.
 15893 | D:11     | Reached skill level 9 in Dodging
 16192 | D:11     | HP: 20/87 [troll (10)]
 16195 | D:11     | HP: 8/87 [troll (2)]
 16196 | D:11     | Reached skill level 8 in Evocations
 17139 | D:11     | Found a portal to a secret trove of treasure.
 17406 | Lair:1   | Entered Level 1 of the Lair of Beasts
 18078 | Lair:1   | Reached skill level 13 in Long Blades
 18113 | Lair:1   | Reached skill level 10 in Dodging
 18574 | Lair:2   | Reached XP level 13. HP: 92/92 MP: 19/19
 19389 | Lair:3   | Reached skill level 14 in Long Blades
 19429 | Lair:3   | Found a staircase to the Shoals.
 19452 | Lair:3   | HP: 11/92 [merfolk/+0 trident (21)]
 19453 | Lair:3   | HP: 5/92 [merfolk/+0 trident (6)]
 20409 | Lair:4   | Learned a level 2 spell: Call Imp
 20415 | Lair:4   | You fall through a shaft!
 20531 | Lair:4   | Reached skill level 1 in Spellcasting
 20531 | Lair:4   | Reached skill level 1 in Summonings
 20887 | Lair:4   | Found a staircase to the Snake Pit.
 21234 | Lair:4   | HP: 20/92 [yak (8)]
 21236 | Lair:4   | HP: 6/92 [yak (14)]
 21243 | Lair:4   | HP: 15/92 [yak (14)]
 21848 | Lair:5   | Reached skill level 2 in Summonings
 21903 | Lair:5   | Reached skill level 2 in Spellcasting
 22006 | Lair:5   | HP: 23/93 [blink frog (10)]
 22007 | Lair:5   | Reached skill level 9 in Evocations
 22362 | Lair:5   | Reached skill level 3 in Summonings
 22820 | Lair:6   | Entered Level 6 of the Lair of Beasts
 22968 | Lair:6   | HP: 16/93 [komodo dragon (31)]
 22973 | Lair:6   | HP: 17/93 [komodo dragon (9)]
 23165 | Lair:6   | Reached skill level 3 in Spellcasting
 23167 | Lair:6   | Reached XP level 14. HP: 43/99 MP: 20/20
 23351 | Lair:6   | HP: 18/99 [polar bear (15)]
 23712 | Lair:6   | Reached skill level 4 in Summonings
 23724 | Lair:6   | Reached skill level 11 in Fighting
 23724 | Lair:6   | Reached skill level 11 in Dodging
 23958 | Lair:5   | Upgraded the game from 0.23-a0-582-g1b4a0ca to
                  | 0.23-a0-584-g44dd78f
 23974 | Lair:6   | Reached skill level 4 in Spellcasting
 24380 | Lair:6   | Noticed Rupert
 24398 | Lair:6   | Killed Rupert
 24399 | Lair:6   | Noticed a dire elephant
 24485 | Lair:5   | Killed a dire elephant
 24795 | Lair:6   | Found a staircase to the Slime Pits.
 24795 | Lair:6   | Found a viscous altar of Jiyva.
 24841 | Lair:6   | Reached skill level 5 in Summonings
 24841 | Lair:6   | Reached skill level 10 in Evocations
 26042 | Lair:6   | Reached skill level 15 in Long Blades
 26042 | Lair:6   | Reached skill level 5 in Spellcasting
 26205 | D:8      | Bought a ration for 55 gold pieces
 26205 | D:8      | Bought a ration for 55 gold pieces
 26205 | D:8      | Bought a ration for 55 gold pieces
 26205 | D:8      | Bought a ration for 55 gold pieces
 26205 | D:8      | Bought a ration for 55 gold pieces
 26205 | D:8      | Bought a ration for 55 gold pieces
 26205 | D:8      | Bought a ration for 55 gold pieces
 26205 | D:8      | Bought a ration for 55 gold pieces
 26205 | D:8      | Bought a ration for 55 gold pieces
 26205 | D:8      | Bought a ration for 55 gold pieces
 26267 | D:11     | Identified a scroll of acquirement
 26304 | Orc:1    | Entered Level 1 of the Orcish Mines
 26782 | Orc:2    | Entered Level 2 of the Orcish Mines
 26785 | Orc:2    | Reached skill level 1 in Shields
 27064 | Orc:2    | Found a burning altar of Makhleb.
 27166 | Orc:2    | HP: 19/101 [orc warrior/+0 glaive (35)]
 27166 | Orc:2    | HP: 7/101 [orc priest/divine providence (12)]
 27705 | Orc:2    | Reached XP level 15. HP: 107/107 MP: 22/22
 27841 | Orc:2    | Reached skill level 2 in Shields
 28223 | Orc:2    | Reached skill level 6 in Summonings
 28290 | Orc:2    | Found a staircase to the Elven Halls.
 28623 | Orc:1    | Cast into level 2 of the Abyss (orc warrior)
 28698 | Abyss:2  | Found a corrupted altar of Lugonu.
 28704 | Abyss:2  | Found a hazy altar of Hepliaklqana.
 28718 | Abyss:2  | Noticed a lich
 28723 | Abyss:2  | Noticed a tentacled starspawn
 28725 | Abyss:2  | Found a corrupted altar of Lugonu.
 28808 | Abyss:2  | Noticed a balrug
 28878 | Abyss:2  | Noticed a lich
 29149 | Abyss:3  | HP: 7/108 [large abomination (39)]
 29154 | Abyss:3  | HP: 8/108 [large abomination (21)]
 29263 | Abyss:3  | HP: 25/108 [freezing wraith (9)]
 29369 | Abyss:3  | HP: 26/108 [ancient zyme (8)]
 29370 | Abyss:3  | HP: 10/108 [raiju/living lightning (16)]
 29374 | Abyss:3  | Noticed a tentacled starspawn
 29474 | Abyss:3  | HP: 20/108 [demonic crawler (10)]
 29475 | Abyss:3  | HP: 3/108 [demonic crawler (8)]
 29476 | Abyss:3  | HP: 1/108 [demonic crawler (1)]
 29490 | Abyss:3  | Slain by a redback

Vault maps used:
D:1:      ncdulo_lavacross
D:3:      nicolae_overflow_hidden_temple, yredelemnul_forgotten_temple_becter,
          first_ration, roderic_serpentine_path, st_stairs_5
D:4:      grunt_ministairs_15, bloody_makhleb, uniq_ijyb, uniq_eustachio
D:5:      serial_shops, nicolae_shop_statue_plus, nrook_pool_corridor
D:6:      grunt_dithmenos_shadows, kiku_gazebo_pond_becter
D:7:      marbit_many_paths, minmay_temple_entry_large_hall, basic_altar,
          grunt_tough_drop, uniq_pikel
D:8:      grunt_lair_entry_orc_guard_hut
D:9:      minmay_the_grid_plus_closed, minitemple,
          chequers_temple_overflow_minitemple, hangedman_pestilent_swarm,
          st_stairs_1
D:10:     minmay_ornate_pinched, uniq_josephine, uniq_psyche
D:11:     orc_0_dummy, nicolae_trove_entry_columns, serial_undead,
          serial_undead_b, serial_undead_a, serial_undead_d, serial_undead_a
Lair:1:   minivault_25
Lair:2:   serial_bayou_pond_b
Lair:3:   elwin_shoals_entry_stream
Lair:4:   guppyfry_snake_entry_island, st_stairs_3
Lair:5:   minivault_26
Lair:6:   gammafunk_lair_ancient_temple, slime_altar_1, uniq_rupert
Orc:2:    pf_orc_diabolical, basic_altar
Abyss:2:  abyss_exit_lava, hangedman_classic_abyss_death
Abyss:3:  hangedman_elemental_corridor, hangedman_abyss_rune_macabre_mess

Skill      XL: |  1  2  3  4  5  6  7  8  9 10 11 12 13 14 15 |
---------------+----------------------------------------------+-----
Stealth        | 3 4 5 8 9 10 | 10.0
Dodging        | 4 5 6 7 8 10 11 | 11.7
Fighting       | 4 5 6 8 9 10 11 | 11.7
Long Blades    | 4 6 9 11 13 14 15 | 15.1
Evocations     | 2 5 6 8 9 10 | 10.0
Spellcasting   | 3 5 |  5.5
Summonings     | 3 5 6 |  6.1
Shields        | 1 2 |  2.4

Action                   |  1- 3 |  4- 6 |  7- 9 | 10-12 | 13-15 || total
-------------------------+-------+-------+-------+-------+-------++-------
Melee: Falchion          |    21 |       |       |       |       ||    21
       Constrict         |    21 |    32 |    60 |    74 |   104 ||   291
       Tentacles         |    16 |    25 |    76 |   228 |   221 ||   566
       Dagger            |    43 |   126 |   323 |   733 |       ||  1225
       Rapier            |       |       |     8 |     1 |       ||     9
       Unarmed           |       |       |       |     2 |       ||     2
       Long sword        |       |       |       |   112 |   773 ||   885
 Fire: Hunting sling     |       |     2 |     5 |       |       ||     7
Throw: Stone             |       |     1 |       |    39 |    17 ||    57
 Cast: Call Imp          |       |       |       |       |    12 ||    12
Invok: Potion Petition   |       |       |       |     1 |       ||     1
       Call Merchant     |       |       |       |     2 |     2 ||     4
Evoke: Wand              |       |     3 |    15 |    24 |    32 ||    74
       Lightning rod     |       |       |       |     7 |     8 ||    15
       Lamp of fire      |       |       |       |     1 |     4 ||     5
  Use: Scroll            |       |     3 |     9 |    13 |    19 ||    44
       Potion            |       |       |     4 |     2 |    18 ||    24
 Stab: Sleeping          |     5 |     5 |    19 |    29 |    22 ||    80
       Distracted        |       |       |     5 |     6 |    13 ||    24
       Invisible         |       |       |       |     3 |       ||     3
       Paralysed         |       |       |       |     2 |       ||     2
       Confused          |       |       |       |     1 |       ||     1
  Eat: Chunk             |     1 |     8 |       |       |       ||     9
       Ration            |       |       |     5 |     9 |    11 ||    25
Armor: Skin              |     6 |    11 |    19 |    65 |    52 ||   153
Dodge: Dodged            |    43 |    92 |   149 |   432 |   381 ||  1097
Block: Other             |       |       |       |    60 |    49 ||   109
       Reflection        |       |       |       |     1 |     2 ||     3
       Large shield      |       |       |       |       |   190 ||   190
       Rpst.: Falchion   |     4 |       |       |       |       ||     4
       Long sword        |       |       |       |    20 |    82 ||   102

Table legend:
 A = Non-vault XP
 B = Vault XP
 C = Vault XP percentage of total XP
 D = Non-vault monster count
 E = Vault monster count
 F = Vault count percentage of total count
                 A         B        C        D         E       F
            +---------+---------+-------+---------+---------+-------
      Total |   63575 |   29216 |  31.5 |     483 |     107 |  18.1
            +---------+---------+-------+---------+---------+-------
        D:1 |      59 |       0 |   0.0 |      25 |       0 |   0.0
        D:2 |      84 |       0 |   0.0 |      20 |       0 |   0.0
        D:3 |     136 |       3 |   2.2 |      20 |       3 |  13.0
        D:4 |     498 |      36 |   6.7 |      24 |       1 |   4.0
        D:5 |     704 |       0 |   0.0 |      28 |       0 |   0.0
        D:6 |     470 |     127 |  21.3 |      16 |       1 |   5.9
        D:7 |     903 |     666 |  42.4 |      18 |       3 |  14.3
        D:8 |    1647 |     288 |  14.9 |      40 |       3 |   7.0
        D:9 |    3984 |    4469 |  52.9 |      32 |      24 |  42.9
       D:10 |    2684 |    2662 |  49.8 |      24 |      11 |  31.4
       D:11 |    6037 |    1912 |  24.1 |      38 |      11 |  22.4
     Lair:1 |    5647 |       0 |   0.0 |      26 |       0 |   0.0
     Lair:2 |    1099 |     500 |  31.3 |       5 |       3 |  37.5
     Lair:3 |    2746 |    1397 |  33.7 |      15 |       4 |  21.1
     Lair:4 |    3583 |     944 |  20.9 |      17 |       4 |  19.0
     Lair:5 |    9774 |    1216 |  11.1 |      35 |       1 |   2.8
     Lair:6 |   14416 |   13096 |  47.6 |      32 |      27 |  45.8
      Orc:1 |    1233 |       0 |   0.0 |      12 |       0 |   0.0
      Orc:2 |    6857 |     526 |   7.1 |      51 |       6 |  10.5
    Abyss:2 |      45 |       0 |   0.0 |       1 |       0 |   0.0
    Abyss:3 |     969 |    1374 |  58.6 |       4 |       5 |  55.6
            +---------+---------+-------+---------+---------+-------

Vault maps used:
D:1:      ncdulo_lavacross
D:3:      nicolae_overflow_hidden_temple, yredelemnul_forgotten_temple_becter,
          first_ration, roderic_serpentine_path, st_stairs_5
D:4:      grunt_ministairs_15, bloody_makhleb, uniq_ijyb, uniq_eustachio
D:5:      serial_shops, nicolae_shop_statue_plus, nrook_pool_corridor
D:6:      grunt_dithmenos_shadows, kiku_gazebo_pond_becter
D:7:      marbit_many_paths, minmay_temple_entry_large_hall, basic_altar,
          grunt_tough_drop, uniq_pikel
D:8:      grunt_lair_entry_orc_guard_hut
D:9:      minmay_the_grid_plus_closed, minitemple,
          chequers_temple_overflow_minitemple, hangedman_pestilent_swarm,
          st_stairs_1
D:10:     minmay_ornate_pinched, uniq_josephine, uniq_psyche
D:11:     orc_0_dummy, nicolae_trove_entry_columns, serial_undead,
          serial_undead_b, serial_undead_a, serial_undead_d, serial_undead_a
Lair:1:   minivault_25
Lair:2:   serial_bayou_pond_b
Lair:3:   elwin_shoals_entry_stream
Lair:4:   guppyfry_snake_entry_island, st_stairs_3
Lair:5:   minivault_26
Lair:6:   gammafunk_lair_ancient_temple, slime_altar_1, uniq_rupert
Orc:2:    pf_orc_diabolical, basic_altar
Abyss:2:  abyss_exit_lava, hangedman_classic_abyss_death
Abyss:3:  hangedman_elemental_corridor, hangedman_abyss_rune_macabre_mess

Table legend:
 A = Turns spent in this place as a percentage of turns spent in the entire game.
 B = Non-inter-level travel turns spent in this place as a percentage of non-inter-level travel turns spent in the entire game.
 C = Inter-level travel turns spent in this place as a percentage of turns spent in this place.
 D = Turns resting spent in this place as a percentage of non-inter-level travel turns spent in this place.
 E = Turns spent auto-exploring this place as a percentage of non-inter-level travel turns spent in this place.
 F = Non-inter-level travel turns spent in this place divided by the number of levels of this place that you've seen.
                   A       B       C       D       E      F
               +-------+-------+-------+-------+-------+----------------------
         Total | 100.0 | 100.0 |   5.1 |  32.5 |  46.1 | 1333.0
       Dungeon |  60.2 |  59.3 |   6.5 |  36.6 |  42.5 | 1509.5
          Lair |  29.7 |  30.4 |   2.8 |  24.6 |  56.5 | 1420.5
  Orcish Mines |   7.1 |   7.1 |   4.4 |  33.7 |  45.2 | 999.0
         Abyss |   2.9 |   3.1 |   0.0 |  29.4 |  14.0 | 433.5
               +-------+-------+-------+-------+-------+----------------------

Table legend:
 A = Kills in this place as a percentage of kills in entire the game.
 B = Kills by you in this place as a percentage of kills by you in the entire game.
 C = Kills by friends in this place as a percentage of kills by friends in the entire game.
 D = Other kills in this place as a percentage of other kills in the entire game.
 E = Experience gained in this place as a percentage of experience gained in the entire game.
 F = Experience gained in this place divided by the number of levels of this place that you have seen.
                   A       B       C       D       E      F
               +-------+-------+-------+-------+-------+----------------------
         Total | 100.0 | 100.0 | 100.0 |   N/A | 100.0 | 4418.6
       Dungeon |  58.0 |  58.2 |   0.0 |   N/A |  29.5 | 2488.1
          Lair |  28.6 |  28.4 | 100.0 |   N/A |  58.6 | 9069.7
  Orcish Mines |  11.7 |  11.7 |   0.0 |   N/A |   9.3 | 4308.0
         Abyss |   1.7 |   1.7 |   0.0 |   N/A |   2.6 | 1194.0
               +-------+-------+-------+-------+-------+----------------------
